 Dungeon Crawl Stone Soup version 0.31-a0-968-g24f9ace8b5 (webtiles) character file.

Game seed: 6054999441819376413

369 Dordric the Shooter (level 7, -1/50 HPs)
             Began as a Formicid Hunter on Oct 28, 2023.
             Slain by an ice beast (12 damage)
             ... on level 5 of the Dungeon.
             The game lasted 00:05:42 (3461 turns).

Dordric the Shooter (Formicid Hunter)               Turns: 3461, Time: 00:05:42

Health: -1/50      AC:  5    Str: 16    XL:     7   Next: 1%
Magic:  7/7        EV: 12    Int:  8    God:
Gold:   180        SH:  0    Dex: 19    Spells: 6/6 levels left

rFire   . . .        a - +0 shortbow
rCold   . . .        (no shield)
rNeg    . . .        c - +0 leather armour
rPois   .            (helmet unavailable)
rElec   .            u - +0 cloak
rCorr   .            i - +0 pair of gloves
SInv    +            (no boots)
Will    .....        (no amulet)
Stlth   ++           m - ring of flight
HPRegen 0.28/turn    (no ring)
MPRegen 0.10/turn

%: no passive effects
@: flying
A: permanent stasis, dig shafts and tunnels, antennae 3, four strong arms
a: Dig, Shaft Self


You were on level 5 of the Dungeon.
You visited 1 branch of the dungeon, and saw 5 of its levels.

You collected 180 gold pieces.

Inventory:

Hand Weapons
 a - a +0 shortbow (weapon)
Armour
 c - a +0 leather armour (worn)
 i - a +0 pair of gloves (worn)
 u - a +0 cloak (worn)
Jewellery
 m - a ring of flight (left hand)
Wands
 o - a wand of iceblast (9)
 t - a wand of polymorph (3)
 v - a wand of digging (1)
Scrolls
 b - a scroll of butterflies
 h - a scroll of summoning
 j - a scroll of enchant armour
 k - 2 scrolls of noise
 l - a scroll of fear
 r - a scroll of vulnerability {unknown}
 s - a scroll of fog {unknown}
 w - 3 scrolls of identify
Potions
 d - 2 potions of haste {unknown}
 e - a potion of cancellation {unknown}
 f - 2 potions of curing {unknown}
 g - 3 potions of heal wounds {unknown}
 n - a potion of enlightenment {unknown}
 p - 2 potions of degeneration {unknown}
 q - a potion of magic {unknown}


   Skills:
 - Level 2.1 Fighting
 + Level 7.8 Ranged Weapons
 - Level 1.7 Dodging
 - Level 1.2 Stealth


You had 6 spell levels left.
You didn't know any spells.
Your spell library contained the following spells:

 Spells                   Type           Power      Damage    Failure   Level
 Freeze                   Ice            0%         1d3       47%         1
 Frozen Ramparts          Ice            0%         1d1       85%         3
 Hailstorm                Conj/Ice       0%         3d3       85%         3
 Stone Arrow              Conj/Erth      0%         3d7       85%         3
 Animate Armour           Summ/Erth      0%         N/A       99%         4
 Lehudib's Crystal Spear  Conj/Erth      0%         10d2      100%        8


Dungeon Overview and Level Annotations

Branches:
Dungeon (5/15)
 Temple: D:4-7

Altars:
Dithmenos
Gozag
Zin

Shops:
D:1 (


Innate Abilities, Weirdness & Mutations

You cannot be hasted, slowed, berserked, paralysed or teleported.
You can dig through walls and to a lower floor.
You have a pair of large antennae on your head. (SInv)
Your four strong arms can wield two-handed weapons with a shield.


Message History

The arrow completely misses the ice beast.
The ice beast hits you. The ice beast freezes you.
You shoot an arrow. The arrow hits the ice beast.
The ice beast is heavily wounded.
The ice beast barely misses you.
You shoot an arrow. The arrow closely misses the ice beast.
The ice beast hits you. The ice beast freezes you!
You shoot an arrow. The arrow barely misses the ice beast.
The ice beast hits you. The ice beast freezes you!
You are too injured to fight recklessly!
You are too injured to fight recklessly!
You are too injured to fight recklessly!
You are too injured to fight recklessly!
You are too injured to fight recklessly!
You are too injured to fight recklessly!
You are too injured to fight recklessly!
You are too injured to fight recklessly!
You are too injured to fight recklessly!
You are too injured to fight recklessly!
You are too injured to fight recklessly!
You are too injured to fight recklessly!
You are too injured to fight recklessly!
You are too injured to fight recklessly!
You are too injured to fight recklessly!
You are too injured to fight recklessly!
You are too injured to fight recklessly!
You are too injured to fight recklessly!
You shoot an arrow.
The arrow hits the ice beast but does no damage.
The ice beast is heavily wounded.
The ice beast hits you. The ice beast freezes you!
* * * LOW HITPOINT WARNING * * *
You shoot an arrow. The arrow hits the ice beast.
The ice beast is heavily wounded.
The ice beast hits you but does no damage.
You shoot an arrow. The arrow closely misses the ice beast.
The ice beast hits you.
* * * LOW HITPOINT WARNING * * *
The ice beast freezes you!
You die...

#..##+#.#
#.###...##
##.#......+
#..#......##
#..#.......#
#..'.......# #
#.##.......# ...
#.##....Y.##.....
#{##.....@'......
#.####...##..!...
#.# #+#.# .....
... ### .... ..
... ##


You could see an ice beast.

Vanquished Creatures
  A black bear (D:4)
  A hound (D:4)
  An iguana (D:4)
  Ijyb (D:3)
  An orc wizard (D:3)
  2 gnolls
  2 adders
  2 worms
  4 dart slugs
  8 orcs
  5 endoplasms
  5 giant cockroaches
  11 goblins
  9 hobgoblins
  4 jackals
  2 quokkas (D:3)
  9 ball pythons
  3 bats (D:1)
  2 frilled lizards
  10 kobolds
  7 rats
90 creatures vanquished.

Vanquished Creatures (others)
  An orc wizard (D:3)
1 creature vanquished.

Grand Total: 91 creatures vanquished

Notes
Turn   | Place    | Note
-------+----------+-------------------------------------------
     0 | D:1      | Dordric the Formicid Hunter began the quest for the Orb.
     0 | D:1      | Reached XP level 1. HP: 16/16 MP: 1/1
    47 | D:1      | Reached XP level 2. HP: 22/22 MP: 2/2
   213 | D:1      | Found Sex Gohy's Weapon Boutique.
   278 | D:1      | Reached XP level 3. HP: 21/27 MP: 3/3
   636 | D:1      | Reached skill level 5 in Ranged Weapons
   887 | D:2      | Reached XP level 4. HP: 32/33 MP: 4/4
  1898 | D:3      | Reached XP level 5. HP: 38/38 MP: 5/5
  1912 | D:3      | Noticed Ijyb
  1931 | D:3      | Killed Ijyb
  1932 | D:3      | Reached skill level 6 in Ranged Weapons
  2271 | D:3      | Reached XP level 6. HP: 7/44 MP: 6/6
  2449 | D:3      | Found a faded altar of an unknown god.
  2452 | D:3      | Found a shadowy altar of Dithmenos.
  2532 | D:3      | Found a glowing silver altar of Zin.
  2614 | D:3      | Found an opulent altar of Gozag.
  2745 | D:4      | Reached skill level 7 in Ranged Weapons
  3252 | D:4      | Noticed a black bear
  3258 | D:4      | Killed a black bear
  3259 | D:4      | Reached XP level 7. HP: 50/50 MP: 7/7
  3383 | D:5      | Entered Level 5 of the Dungeon
  3461 | D:5      | Slain by an ice beast

Illustrated notes

Levels and vault maps discovered:
D:1:      dpeg_arrival_long_road, layout_basic, serial_shops, shop,
          minmay_misc_feat_five
D:2:      layout_loops_ring, serial_forest, infiniplex_forest_lined_2,
          infiniplex_forest_end_double, infiniplex_forest_straight_4,
          infiniplex_forest_lined_3_way, infiniplex_forest_lined_room_2,
          infiniplex_forest_clump_diagonal, infiniplex_forest_clump_medium,
          infiniplex_forest_lined_3_way, kennysheep_generic_room_10
D:3:      minmay_angry_zag, layout_rooms, nicolae_overflow_ecumenical_swirl,
          pdpol_temple_overflow_zin_treasury_gozag_greed, uniq_ijyb
D:4:      layout_rooms, chequers_garden, minivault_19, hex_intersection
D:5:      nicolae_cairo_tiling_very_big, layout_basic, nicolae_shop_gadgets

Skill      XL: |  1  2  3  4  5  6 |
---------------+-------------------+-----
Ranged Weapons | 5 6 7 |  7.8
Fighting       | |  2.1
Dodging        | |  1.7
Stealth        | |  1.2

Action                     |  1- 3 |  4- 6 |  7- 9 || total
---------------------------+-------+-------+-------++-------
  Melee: Shortbow          |       |     1 |       ||     1
   Fire: Shortbow          |    76 |   225 |    21 ||   322
Ability: Dig               |       |     2 |       ||     2
    Use: Scroll            |     4 |       |       ||     4
 Armour: Leather armour    |    20 |   115 |     7 ||   142
  Dodge: Dodged            |    26 |    91 |     3 ||   120

Table legend: (Time is in decaauts)
 A = Elapsed time spent in this place.
 B = Non-inter-level travel time spent in this place.
 C = Inter-level travel time spent in this place.
 D = Time resting spent in this place.
 E = Time spent auto-exploring this place.
 F = Levels seen in this place.
 G = Mean time per level.
                   A        B        C        D        E       F      G
               +--------+--------+--------+--------+--------+-----+--------+
         Total |   3504 |   3357 |    147 |    266 |   2398 |   5 |  700.8 |
       Dungeon |   3504 |   3357 |    147 |    266 |   2398 |   5 |  700.8 |
               +--------+--------+--------+--------+--------+-----+--------+

Top non-repeatable levels by time:
     D:1: 1065 daAuts
     D:3: 1018 daAuts
     D:2: 752 daAuts
     D:4: 589 daAuts
     D:5: 78 daAuts
